Map: Abyssal Reef LE

Players

SamuraiFunn - Winner!

  • Race: Protoss Protoss
  • League: Platinum
  • Spawn Location: 5:00

A.I. 1 (Harder)

  • Race: Terran Terran
  • Spawn Location: 11:00

VOD

Have the link to the VOD?

Description

Time

  • Played on: Dec. 1, 2017, 8:35 p.m.
  • Length: 12:25
Show
View Real Time Build Order
Export as new Build Order

SamuraiFunn Protoss - Winner!

Build Orders:  

Get SALT Encoding   

  12  0:01  Probe  
  13  0:13  Probe  
  14  0:21  Pylon  
  14  0:25  Probe  
  15  0:39  Probe  
  15  0:41  Assimilator  
  16  0:45  Pylon  
  16  0:54  Probe  
  16  0:55  Gateway  
  17  1:06  Probe  
  18  1:15  Assimilator  
  18  1:18  Probe (Chrono Boost)  
  19  1:30  Probe (Chrono Boost)  
  20  1:34  Probe (Chrono Boost)  
  21  1:44  Probe  
  21  1:46  Cybernetics Core  
  22  1:55  Pylon  
  22  1:56  Probe  
  23  2:08  Nexus  
  23  2:13  Probe, Zealot  
  26  2:22  Pylon  
  26  2:24  Warp Gate (Chrono Boost)  
  26  2:35  Probe  
  27  2:40  Zealot  
  29  2:45  Gateway  
  29  2:47  Probe  
  30  2:58  Stargate  
  30  3:02  Probe  
  31  3:12  Pylon  
  31  3:14  Probe  
  31  3:16  Zealot  
  34  3:21  Probe  
  34  3:25  Twilight Council  
  34  3:27  Probe  
  36  3:33  Probe  
  37  3:35  Assimilator  
  37  3:39  Probe  
  38  3:48  Void Ray  
  38  3:55  Probe  
  43  3:58  Probe  
  44  4:02  Assimilator  
  44  4:07  Probe  
  45  4:10  Probe  
  45  4:13  Stargate  
  46  4:19  Probe  
  46  4:22  Probe  
  48  4:31  Probe  
  48  4:34  Probe  
  48  4:36  Nexus  
  50  4:41  Void Ray  
  54  4:47  Pylon  
  54  4:48  Probe x2  
  56  5:00  Zealot  
  56  5:01  Zealot  
  60  5:08  Void Ray  
  60  5:11  Probe x2  
  66  5:23  Probe x2  
  68  5:29  Pylon  
  68  5:41  Charge  
  68  5:46  Pylon  
  68  5:47  Void Ray  
  68  5:49  Probe x2  
  74  5:52  Probe  
  75  5:58  Pylon  
  75  5:59  Void Ray  
  75  6:00  Pylon  
  75  6:01  Probe x2  
  81  6:04  Probe  
  81  6:08  Zealot  
  81  6:09  Zealot  
  86  6:20  Probe x3, Stargate  
  89  6:31  Pylon  
  89  6:32  Zealot  
  91  6:34  Zealot  
  93  6:43  Gateway  
  93  6:45  Gateway  
  93  6:48  Gateway  
  93  6:49  Probe x3  
  93  6:50  Forge  
  93  6:52  Forge  
  93  6:53  Zealot  
  98  6:56  Protoss Air Weapons Level 1  
  98  7:01  Void Ray  
  102  7:11  Zealot  
  104  7:19  Void Ray x2  
  112  7:23  Robotics Facility  
  112  7:38  Probe x3  
  115  7:48  Void Ray  
  115  7:50  Zealot  
  115  7:51  Zealot  
  123  7:52  Assimilator  
  123  7:57  Probe x2  
  125  7:58  Assimilator  
  125  8:01  Pylon  
  125  8:02  Pylon  
  125  8:05  Pylon  
  125  8:08  Pylon  
  125  8:12  Pylon  
  125  8:19  Probe x3  
  128  8:27  Nexus  
  128  8:29  Void Ray x2  
  128  8:31  Probe, Assimilator  
  128  8:32  Zealot x2  
  141  8:34  Assimilator  
  141  8:42  Protoss Ground Weapons Level 1  
  141  8:43  Protoss Ground Armor Level 1  
  141  8:49  Probe x3  
  141  8:50  Protoss Air Armor Level 1  
  122  9:58  Void Ray x3  
  132  10:03  Zealot x2  
  132  10:04  Zealot x3  
  132  10:41  Void Ray x3  
  144  10:47  Warp Prism  
  142  10:55  Zealot x5  
  148  11:23  Warp Prism  
  148  11:24  Void Ray x3  
  162  11:25  Zealot  
  162  11:26  Zealot x4  
  170  12:03  Zealot x2  
  170  12:04  Zealot x3  
Show
View Real Time Build Order
Export as new Build Order

A.I. 1 (Harder) Terran 

Build Orders: MMM Bio 

Get SALT Encoding   

  12  0:00  SCV  
  13  0:13  SCV  
  14  0:18  Supply Depot  
  14  0:25  SCV  
  15  0:40  SCV  
  16  0:43  Barracks  
  16  0:52  SCV  
  17  1:04  SCV  
  18  1:18  Command Center  
  18  1:32  Marine, Orbital Command  
  18  1:37  Supply Depot  
  19  1:45  Refinery  
  19  1:50  Marine  
  20  1:58  SCV  
  20  2:00  Barracks  
  21  2:09  Refinery  
  21  2:10  SCV  
  22  2:20  Barracks Tech Lab  
  22  2:23  SCV  
  23  2:30  Supply Depot  
  23  2:35  SCV  
  24  2:40  Marauder  
  26  2:47  SCV, Marine  
  28  2:55  SCV  
  29  3:00  SCV  
  29  3:01  Reaper  
  31  3:05  Barracks Tech Lab  
  31  3:07  SCV  
  31  3:12  SCV  
  33  3:19  Factory, SCV  
  34  3:23  Marine  
  34  3:24  SCV  
  36  3:30  Factory  
  36  3:31  SCV  
  36  3:33  Marauder  
  39  3:42  Refinery  
  39  3:49  Refinery  
  39  4:01  Marine  
  40  4:04  Starport, Factory Tech Lab  
  40  4:10  Marine  
  40  4:13  Starport, Factory Tech Lab  
  41  4:21  Marauder  
  43  4:27  SCV  
  43  4:28  SCV  
  43  4:30  Reaper  
  46  4:39  SCV  
  46  4:41  Supply Depot  
  46  4:42  Starport Tech Lab, Ghost Academy  
  47  4:50  SCV, Starport Tech Lab  
  47  4:52  SCV  
  49  5:00  Medivac  
  49  5:01  Stimpack  
  49  5:02  SCV  
  49  5:04  SCV  
  53  5:11  Ghost, Supply Depot  
  53  5:12  Combat Shields  
  55  5:14  SCV  
  55  5:16  SCV  
  57  5:26  SCV  
  57  5:28  Engineering Bay  
  58  5:30  SCV  
  58  5:38  SCV  
  58  5:39  Marine  
  60  5:43  SCV  
  60  5:48  Marine  
  62  5:50  SCV  
  62  5:51  Supply Depot  
  62  5:53  Terran Infantry Weapons Level 1  
  62  5:55  SCV  
  64  5:58  Marine  
  64  6:03  SCV  
  66  6:07  Marine  
  67  6:13  SCV  
  67  6:15  SCV  
  67  6:16  Supply Depot, Marine  
  70  6:25  SCV  
  71  6:26  Marine  
  71  6:31  Concussive Shells  
  72  6:35  Marauder  
  72  6:38  SCV x2, Medivac  
  72  6:39  Supply Depot  
  78  6:45  Marauder  
  80  6:47  Missile Turret  
  80  6:50  Missile Turret  
  81  6:54  SCV, Missile Turret  
  81  6:56  Missile Turret  
  81  6:57  Marauder  
  81  7:00  Medivac  
  85  7:03  Supply Depot  
  85  7:06  Reaper  
  85  7:07  Raven  
  88  7:12  Sensor Tower  
  88  7:15  Bunker  
  88  7:18  Reaper  
  88  7:20  Barracks  
  88  7:21  Bunker  
  89  7:25  Armory  
  89  7:27  Supply Depot  
  89  7:30  Raven  
  91  7:37  Ghost  
  93  7:47  Terran Infantry Armor Level 1  
  93  8:07  Barracks Reactor  
  91  9:12  Raven, Marine  
  91  9:15  Marine  
  95  9:18  Marine  
  95  9:21  Marine, Command Center, Engineering Bay  
  95  9:24  Supply Depot  
  97  9:31  Factory  
  97  9:37  Marauder  
  99  9:39  Marauder  
  99  9:40  Fusion Core  
  99  9:41  Terran Infantry Weapons Level 2  
  99  9:44  Marine  
  94  9:46  Terran Infantry Armor Level 2  
  94  9:47  Marine  
  94  9:48  Medivac  
  94  9:49  Armory  
  71  9:57  Starport, Marine  
  70  10:01  Marauder  
  70  10:02  Medivac, Marine  
  70  10:05  Marine  
  76  10:11  Hellion x2  
  73  10:14  Hellion  
  73  10:15  Marine  
  73  10:18  Viking  
  73  10:20  Marine  
  69  10:22  Marauder  
  69  10:23  Marine  
  67  10:32  Hellion, Viking  
  67  10:34  Marauder  
  66  10:38  Marine, Hellion  
  66  10:40  SCV  
  66  10:41  Marine  
  55  10:44  Marauder  
  55  10:48  Viking  
  53  10:51  Hellion  
  53  10:53  SCV  
  53  10:54  Marine  
  53  10:56  Marine  
  41  10:59  Marine  
  41  11:02  Raven  
  40  11:04  Marine  
  40  11:05  SCV  
  35  11:12  Marine  
  35  11:14  Marine, Command Center  
  35  11:16  Marine  
  35  11:17  SCV  
  35  11:18  Hellion, Viking  
  38  11:19  Hellion  
  38  11:23  Marauder  
  38  11:30  Marine  
  38  11:31  Marine  
  31  11:37  Marine  
  31  11:38  SCV  
  31  11:39  Hellion  
  31  11:44  Marauder  
  31  11:45  Viking  
  27  11:58  SCV  
Tags
 
Composition
MMM Bio
League
Platinum
Matchup
PvT
Replay Pack
First 100 games
Spawn Locations
Cross Positions
Add a new tag
Caveats
  • Supply blocks, unpowered buildings, or Contaminate may cause inaccurate times.
  • Supply counts are checked every 10 seconds.